 Dungeon Crawl Stone Soup version 0.30.0-29-ga12c61a403 (webtiles) character file.

Game seed: 4838677302524412024

46 cheesebisquit the Shield-Bearer (level 3, 0/36 HPs)
             Began as a Troll Fighter on June 13, 2023.
             Killed from afar by Sigmund (5 damage)
             ... with a magic dart
             ... on level 2 of the Dungeon.
             The game lasted 00:02:45 (1031 turns).

cheesebisquit the Shield-Bearer (Troll Fighter)     Turns: 1031, Time: 00:02:45

Health: 0/36       AC:  5    Str: 24    XL:     3   Next: 46%
Magic:  2/2        EV:  8    Int:  6    God:
Gold:   41         SH:  7    Dex:  9    Spells: 2/2 levels left

rFire   . .          .
                       - Unarmed
rCold   . . .        b - +0 kite shield
rNeg    . . .        a - +0 robe
rPois   .            (helmet restricted)
rElec   .            h - +0 cloak
rCorr   .            (gloves unavailable)
SInv    .            (boots unavailable)
Will    .....        (no amulet)
Stlth   +            (no ring)
HPRegen 1.06/turn    (no ring)
MPRegen 0.08/turn

%: no passive effects
@: mighty
A: large, unfitting armour, claws 3, regeneration 1, shaggy fur 1, tough skin 1
a: no special abilities


You were on level 2 of the Dungeon.
You visited 1 branch of the dungeon, and saw 2 of its levels.

You collected 41 gold pieces.

Inventory:

Armour
 a - a +0 robe (worn)
 b - a +0 kite shield (worn)
 h - a +0 cloak (worn)
Scrolls
 f - a scroll of poison {unknown}
 g - 2 scrolls of identify {unknown}
 j - a scroll of noise {unknown}
 k - a scroll of blinking {unknown}
Potions
 d - 2 potions of lignification {unknown}
 e - a potion of heal wounds {unknown}
 i - a potion of ambrosia {unknown}


   Skills:
 + Level 2.8 Fighting
 - Level 2.4 Dodging
 + Level 3.1 Shields
 * Level 3.1 Unarmed Combat


You had 2 spell levels left.
You didn't know any spells.
Your spell library contained the following spells:

 Spells                   Type           Power      Damage    Failure   Level
 Magic Dart               Conj           0%         1d3       73%         1
 Searing Ray              Conj           0%         2d4       86%         2
 Fulminant Prism          Conj/Hex       0%         3d5       100%        4


Dungeon Overview and Level Annotations

Branches:
Dungeon (2/15)

Altars:

Annotations:
D:2 Sigmund


Innate Abilities, Weirdness & Mutations

You are too large for most types of armour.
You have claws for hands.
Your natural rate of healing is unusually fast.
You are covered in fur. (AC +1)
You have tough skin. (AC +1)


Message History

A puff of flame appears from out of thin air!
The puff of flame hits you!
The kobold throws a stone.
The stone hits you but does no damage.
You scratch something. Something hits you but does no damage.
The kobold throws a stone.
The stone hits you but does no damage.
You scratch something but do no damage.
You hear some strange, mumbled words.
A puff of flame appears from out of thin air!
The puff of flame misses you.
You scratch the kobold but do no damage.
Something hits you. The kobold barely misses you.
You feel very mighty all of a sudden. You block the kobold's attack.
The worm bites you.
You claw the kobold!
You kill the kobold!
You block something's attack.
You barely miss the worm. You block the worm's attack.
Something hits you but does no damage.
You claw the worm!
The worm is severely wounded.
You mangle the worm!!
You kill the worm!
You hear some strange, mumbled words.
You are confused.
You bump into the rock wall.
You hear some strange, mumbled words.
A puff of flame appears from out of thin air!
The puff of flame hits you!
You barely miss something. Something hits you.
You miss something. Something hits you.
You claw something! Something hits you.
You bump into the rock wall.
Something hits you!
* * * LOW HITPOINT WARNING * * *
Okay, then.
You claw something!
You feel less confused.
You hear some strange, mumbled words.
A magic dart appears from out of thin air!
The magic dart hits you.
You die...

... .......
.$...........
.......#.....
.......#....
......#..#.###
.........#...
..#...........†{)#
...............†@#
.......####....#.####
......................
.....####........#....
.....# ###.##...####..
##...######.##..## #
.......##...###.#
....##......# ###
....###.....#


There were no monsters in sight!

Vanquished Creatures
  2 worms (D:2)
  3 dart slugs
  A bat (D:1)
  2 endoplasms
  A giant cockroach (D:1)
  2 goblins
  3 hobgoblins
  6 jackals (D:1)
  A kobold (D:2)
  4 quokkas (D:1)
  2 ball pythons (D:1)
  2 frilled lizards (D:1)
  A rat (D:1)
30 creatures vanquished.

Notes
Turn   | Place    | Note
-------+----------+-------------------------------------------
     0 | D:1      | cheesebisquit the Troll Fighter began the quest for the
                  | Orb.
     0 | D:1      | Reached XP level 1. HP: 22/22 MP: 0/0
   230 | D:1      | Reached XP level 2. HP: 29/29 MP: 1/1
   460 | D:1      | Reached XP level 3. HP: 36/36 MP: 2/2
  1009 | D:2      | Noticed Sigmund
  1031 | D:2      | Killed from afar by Sigmund

Illustrated notes

Levels and vault maps discovered:
D:1:      dpeg_arrival_arbitrary_a, layout_basic, nicolae_titane
D:2:      layout_rooms, grunt_ministairs_13, uniq_sigmund

Skill      XL: |  1  2  3 |
---------------+----------+-----
Shields        | 3 |  3.1
Unarmed Combat | 3 |  3.1
Fighting       | |  2.8
Dodging        | |  2.4

Action                     || total
---------------------------++-------
  Melee: Unarmed           ||    97
    Use: Potion            ||     1
   Stab: Sleeping          ||     1
 Armour: Robe              ||    28
  Dodge: Dodged            ||    31
  Block: Kite shield       ||    14
